 Dungeon Crawl Stone Soup version 0.28.0-53-g5a82cb258f (webtiles) character file.

Game seed: 9518769122683012127

1164 Infinimo the Cudgeller (level 8, -2/87 HPs)
             Began as an Ogre Gladiator on May 26, 2022.
             Was an Initiate of Okawaru.
             Slain by a two-headed ogre
             ... wielding a +0 giant club
              (8 damage)
             ... on level 6 of the Dungeon.
             The game lasted 00:13:00 (8502 turns).

Infinimo the Cudgeller (Ogre Gladiator)             Turns: 8502, Time: 00:13:01

Health: -2/87      AC:  4    Str: 19    XL:     8   Next: 40%
Magic:  8/8        EV: 10    Int: 11    God:    Okawaru [......]
Gold:   81         SH:  0    Dex: 10    Spells: 7/7 levels left

rFire   . . .      SeeInvis .   k - +1 whip (drain)
rCold   . . .      Faith    .   (no shield)
rNeg    . . .      Spirit   .   b - +0 robe
rPois   .          Reflect  .   c - +1 hat
rElec   .          Harm     .   (no cloak)
rCorr   .          Rampage  .   (gloves unavailable)
Will    .....                   (boots unavailable)
Stlth   +.........              (no amulet)
HPRegen 0.24/turn               (no ring)
MPRegen 0.11/turn               (no ring)

@: no status effects
A: large, unfitting armour, tough skin 1
a: Renounce Religion


You were on level 6 of the Dungeon.
You worshipped Okawaru.
Okawaru was noncommittal.
You visited 2 branches of the dungeon, and saw 7 of its levels.
You also visited: Ossuary.

You collected 341 gold pieces.
You spent 260 gold pieces at shops.

Inventory:

Hand Weapons
 a - a +0 flail
 k - a +1 whip of draining (weapon)
Missiles
 m - 5 poisoned darts (quivered)
Armour
 b - a +0 robe (worn)
 c - a +1 hat (worn)
Jewellery
 h - an amulet of magic regeneration
 q - a +4 ring of protection
 w - a ring of fire
 y - a +6 ring of intelligence
 A - a ring of see invisible
Wands
 s - a wand of flame (4)
Scrolls
 g - 3 scrolls of vulnerability
 l - a scroll of blinking
 t - a scroll of fear
 u - a scroll of amnesia
 v - 3 scrolls of enchant armour
 x - 2 scrolls of teleportation
Potions
 e - 2 potions of berserk rage
 f - a potion of might {unknown}
 i - 2 potions of attraction
 j - 5 potions of curing
 n - a potion of invisibility {unknown}
 o - a potion of lignification {unknown}
 p - a potion of heal wounds
 r - a potion of cancellation {unknown}
 z - a potion of mutation {unknown}


   Skills:
 + Level 7.4 Fighting
 * Level 7.4 Maces & Flails
 - Level 2.0 Throwing
 + Level 1.8 Armour
 - Level 3.0 Dodging


You had 7 spell levels left.
You didn't know any spells.
Your spell library contained the following spells:

 Spells                   Type           Power      Damage    Failure   Level
 Sublimation of Blood     Necr           0%         N/A       47%         2
 Wereblood                Tmut           0%         N/A       47%         2
 Frozen Ramparts          Ice            0%         1d2       71%         3
 Inner Flame              Hex/Fire       0%         N/A       71%         3
 Cause Fear               Hex            0%         N/A       98%         4
 Ice Form                 Ice/Tmut       0%         N/A       98%         4
 Discord                  Hex            0%         N/A       100%        8
 Chain Lightning          Conj/Air       0%         N/A       100%        9
 Fire Storm               Conj/Fire      0%         5d1       100%        9
 Shatter                  Erth           0%         3d5*      100%        9
 Summon Ice Beast         Ice/Summ       Unusable   N/A       N/A         4
 Summon Hydra             Summ           Unusable   N/A       N/A         7

Dungeon Overview and Level Annotations

Branches:
Dungeon (6/15)             Temple (1/1) D:6         Ossuary (visited)

Altars:
Ashenzari
Cheibriados
Dithmenos
Fedhas
Gozag
Hepliaklqana
Kikubaaqudgha
Makhleb
Nemelex Xobeh
Okawaru
Qazlal
Ru
Sif Muna
Trog
Uskayaw
Vehumet
Wu Jian
Xom
Yredelemnul
Zin

Shops:
D:4 ?*[

Annotations:
D:3 1 runed translucent door, Descartes's ghost, weakling VSWn
D:6 2 runed translucent doors, Crazy Yiuf; drbro's ghost, novice FoFi


Innate Abilities, Weirdness & Mutations

You are too large for most types of armour.
You have tough skin. (AC +1)


Message History

You throw a poisoned dart.
The poisoned dart hits the two-headed ogre.
The two-headed ogre looks even sicker.
The two-headed ogre is lightly wounded.
Throw: 6 darts (poison)
Press: ? - help, Q - select action, (/) - cycle Shift-Dir - straight line, f/p - two-headed ogre
Aim: a two-headed ogre, wielding two +0 giant clubs (lightly wounded, very poisoned, 75% to hit)
You throw a poisoned dart.
The poisoned dart hits the two-headed ogre.
The two-headed ogre looks even sicker.
The two-headed ogre is lightly wounded.
You hit the two-headed ogre. Your punch misses the two-headed ogre.
The two-headed ogre is lightly wounded.
The two-headed ogre hits you with a +0 giant club! x2
You hit the two-headed ogre. You drain the two-headed ogre.
The two-headed ogre is moderately wounded.
You whack the two-headed ogre!
The two-headed ogre is moderately wounded.
The two-headed ogre hits you with a +0 giant club!
The two-headed ogre hits you with a +0 giant club.
You hit the two-headed ogre. You drain the two-headed ogre.
The two-headed ogre is heavily wounded.
The two-headed ogre misses you.
The two-headed ogre completely misses you.
You hit the two-headed ogre but do no damage.
The two-headed ogre is heavily wounded.
You barely miss the two-headed ogre.
The two-headed ogre is heavily wounded.
The two-headed ogre hits you with a +0 giant club!!
* * * LOW HITPOINT WARNING * * *
The two-headed ogre hits you with a +0 giant club!
* * * LOW HITPOINT WARNING * * *
You hit the two-headed ogre. You drain the two-headed ogre.
The two-headed ogre is severely wounded.
You see here 16 bolts.
You feel much better.
The two-headed ogre hits you with a +0 giant club!!
* * * LOW HITPOINT WARNING * * *
The two-headed ogre hits you with a +0 giant club!
You die...

#########
#.O.((.(#
#@#.###(#
#.#.# ....
#.#(#####.##
#.#.........
..#.#####.###
###.# # #.#
.#
#####.#####.#
#...........#


You could see a two-headed ogre (very poisoned, drained).

Vanquished Creatures
  Eustachio (D:4)
  A sky beast (D:6)
  An ogre (D:5)
  Blork the orc (D:4)
  2 kobold brigands
  A scorpion (D:6)
  A water moccasin zombie (D:6)
  A water moccasin skeleton (D:3)
  2 bullfrog zombies
  A centaur zombie (D:5)
  A jelly (D:6)
  A hound (D:6)
  A scorpion zombie (D:5)
  3 iguanas
  A mummy (Ossuary)
  7 adders
  An adder skeleton (D:4)
  3 worms
  4 dart slugs
  4 orcs (D:4)
  3 spectral bats (Ossuary)
  12 ball pythons
  6 endoplasms
  A giant cockroach (D:3)
  6 goblins
  6 hobgoblins
  6 jackals
  6 quokkas
  6 bats
  A bat simulacrum (Ossuary)
  5 frilled lizards
  12 gnoll zombies (Ossuary)
  4 goblin simulacra (Ossuary)
  8 goblin zombies (Ossuary)
  2 hobgoblin zombies (Ossuary)
  8 kobolds
  3 kobold simulacra (Ossuary)
  5 kobold zombies (Ossuary)
  3 orc zombies (Ossuary)
  4 rats
  A rat simulacrum (Ossuary)
  2 spectral goblins (Ossuary)
  2 spectral rats (Ossuary)
150 creatures vanquished.

Notes
Turn   | Place    | Note
-------+----------+-------------------------------------------
     0 | D:1      | Infinimo the Ogre Gladiator began the quest for the Orb.
     0 | D:1      | Reached XP level 1. HP: 22/22 MP: 1/1
   227 | D:1      | Reached XP level 2. HP: 25/29 MP: 2/2
   536 | D:1      | Reached XP level 3. HP: 29/37 MP: 3/3
  1289 | D:2      | Reached XP level 4. HP: 40/48 MP: 4/4
  1654 | D:2      | Found a faded altar of an unknown god.
  2534 | D:3      | Found a runed translucent door.
  2537 | D:3      | Noticed Descartes's ghost (weakling VSWn)
  2573 | D:3      | Reached XP level 5. HP: 33/52 MP: 5/5
  2911 | D:4      | Noticed Blork the orc
  2924 | D:4      | Killed Blork the orc
  2925 | D:4      | Reached XP level 6. HP: 31/65 MP: 6/6
  3150 | D:4      | Reached skill level 5 in Maces & Flails
  3183 | D:4      | Found a bloodstained altar of Trog.
  3229 | D:4      | Reached skill level 5 in Fighting
  3292 | D:4      | Found Reim's Armour Emporium.
  3293 | D:4      | Found Wasm's Assorted Antiques.
  3293 | D:4      | Found Wuthretz's Magic Scroll Shop.
  3301 | D:4      | Bought a scroll labelled NOTUOH SABYMM for 26 gold pieces
  3301 | D:4      | Bought a bronze ring for 130 gold pieces
  4133 | D:4      | Bought a scroll of identify for 26 gold pieces
  4133 | D:4      | Bought a scroll of identify for 26 gold pieces
  4217 | D:5      | Entered Level 5 of the Dungeon
  4217 | D:5      | Found a large runed translucent door.
  4217 | D:5      | Found a large runed translucent door.
  4219 | D:5      | Found a shimmering altar of Xom.
  4229 | D:5      | Found a sand-covered staircase.
  4236 | Ossuary  | Entered an ossuary
  5278 | D:5      | Found a hide-covered altar of Uskayaw.
  5326 | D:5      | Reached XP level 7. HP: 27/74 MP: 7/7
  5898 | D:5      | Noticed Eustachio
  6080 | D:4      | Killed Eustachio
  6661 | D:4      | Bought 2 scrolls labelled NETISON SEDIE for 52 gold pieces
  6895 | D:5      | Reached XP level 8. HP: 27/84 MP: 3/8
  6897 | D:5      | Reached skill level 1 in Armour
  7628 | D:6      | Found a runed translucent door.
  7633 | D:6      | Noticed drbro's ghost (novice FoFi)
  7662 | D:6      | Found a staircase to the Ecumenical Temple.
  7709 | Temple   | Entered the Ecumenical Temple
  7857 | Temple   | Became a worshipper of Warmaster Okawaru
  8372 | D:6      | Found a runed translucent door.
  8373 | D:6      | Noticed Crazy Yiuf
  8482 | D:6      | Noticed a two-headed ogre
  8502 | D:6      | Slain by a two-headed ogre

Illustrated notes

Levels and vault maps discovered:
D:1:      onia_arrival_mini_spirals, layout_rooms
D:2:      layout_loops_ring, ebering_ecumenical_altar_abandoned
D:3:      layout_loops_ring, ebering_ghost_reflecting_pool, nrook_mini_vaults
D:4:      layout_loops_ring, nicolae_wooded_promenade, kennysheep_flooded_box,
          nrook_uturn, uniq_blork_the_orc
D:5:      due_chaos_kobolds, layout_cave_pools, nicolae_uskayaw_suspiria,
          nicolae_ossuary_entry_ruins, kennysheep_dice, uniq_eustachio
D:6:      layout_basic, minmay_temple_entry_offerings,
          hellmonk_ghost_happy_afterlife, nicolae_shop_dragon_depot,
          uniq_crazy_yiuf_cottage
Temple:   mainiacjoe_temple_coin_purse

Skill      XL: |  1  2  3  4  5  6  7  8 |
---------------+-------------------------+-----
Fighting       | 3 4 5 6 7 |  7.4
Maces & Flails | 3 4 5 6 7 |  7.4
Dodging        | 3 |  3.0
Armour         | 1 |  1.8
Throwing       | |  2.0

Action                   |  1- 3 |  4- 6 |  7- 9 || total
-------------------------+-------+-------+-------++-------
Melee: Flail             |   110 |    62 |       ||   172
       Punch             |     1 |     3 |     3 ||     7
       Whip              |       |   297 |   129 ||   426
Throw: Dart              |       |     5 |    13 ||    18
       Throwing net      |       |     1 |     4 ||     5
  Use: Scroll            |     2 |     8 |     4 ||    14
       Potion            |       |       |     2 ||     2
 Stab: Sleeping          |     1 |     3 |       ||     4
       Invisible         |       |       |     2 ||     2
Armor: Robe              |    40 |    82 |    20 ||   142
Dodge: Dodged            |    64 |   125 |    47 ||   236
